 Dungeon Crawl Stone Soup version 0.17.1-1-g73c8601 (webtiles) character file.

468 DeXoteric the Conjurer (level 6, -4/24 HPs)
             Began as a Felid Conjurer on Dec 25, 2015.
             Was a Follower of Vehumet.
             Slain by DeXoteric's ghost (11 damage)
             ... on level 6 of the Dungeon.
             The game lasted 00:19:55 (6039 turns).

DeXoteric the Conjurer (Felid Conjurer)             Turns: 6039, Time: 00:19:56

Health: -4/24      AC:  2    Str:  4    XL:     6   Next: 81%
Magic:  13/13      EV: 13    Int: 19    God:    Vehumet [*.....]
Gold:   96         SH:  0    Dex: 16    Spells: 4 memorised, 2 levels left
                                        Lives:  0   Deaths: 1

rFire  . . .     SeeInvis +     (weapon unavailable)
rCold  . . .     Clarity  .     (armour unavailable)
rNeg   . . .     SustAt   .     (shield unavailable)
rPois  .         Gourm    .     (helmet unavailable)
rElec  .         Spirit   .     (cloak unavailable)
rCorr  .         Warding  .     (gloves unavailable)
rMut   .         Stasis   .     (boots unavailable)
MR     .....                    (no amulet)
Stlth  +++.......               (no ring)
                                (no ring)

@: quick, not resistant to hostile enchantments, fairly stealthy
A: no armour, no weapons or thrown items, claws 1, fangs 3, see invisible,
carnivore 3, speed 1, shaggy fur 2, slow metabolism 1, sharp paws
a: Renounce Religion


You were on level 6 of the Dungeon.
You worshipped Vehumet.
Vehumet was aware of your devotion.
You were completely stuffed.

You visited 1 branch of the dungeon, and saw 6 of its levels.
You also visited: Ossuary.

You collected 204 gold pieces.
You spent 108 gold pieces at shops.

Inventory:

Scrolls
 c - 3 scrolls of remove curse
 e - 2 scrolls of enchant weapon {unknown}
 g - a scroll of recharging {unknown}
 p - 4 scrolls of fog {unknown}
 r - 2 scrolls of teleportation {unknown}
 s - a scroll of amnesia {unknown}
 t - a scroll of enchant armour {unknown}
 u - 5 scrolls of immolation {unknown}
 v - 4 scrolls of noise {unknown}
 w - a scroll of magic mapping {unknown}
 x - 7 scrolls of random uselessness {unknown}
 y - a scroll of identify
Potions
 d - 2 potions of brilliance
 f - a potion of cancellation {unknown}
 h - 5 potions of curing
 i - 2 potions of lignification {unknown}
 j - 2 potions of haste
 l - 4 potions of flight
 m - a potion of agility {unknown}
 n - a potion of heal wounds {unknown}
 q - a potion of ambrosia {unknown}
 z - a potion of degeneration {unknown}
Books
 a - a book of Conjurations

   Spells                             Type                      Level
   a - Magic Dart                     Conjuration                  1
   b - Searing Ray                    Conjuration                  2
   c - Dazzling Spray                 Conjuration/Hexes            3
   d - Fulminant Prism                Conjuration/Hexes            4
   e - Iskenderun's Mystic Blast      Conjuration                  4
   f - Iskenderun's Battlesphere      Conjuration/Charms           5
 o - a Fen Folio

   Spells                             Type                      Level
   a - Corpse Rot                     Necromancy                   2
   b - Stone Arrow                    Conjuration/Earth            3
   c - Leda's Liquefaction            Hexes/Earth                  4
   d - Summon Forest                  Summoning/Translocation      5
   e - Hydra Form                     Transmutation                6
   f - Summon Hydra                   Summoning                    7
 A - a book of Ice

   Spells                             Type                      Level
   a - Ice Form                       Ice/Transmutation            4
   b - Metabolic Englaciation         Hexes/Ice                    5
   c - Ozocubu's Refrigeration        Ice                          6
   d - Bolt of Cold                   Conjuration/Ice              6
   e - Freezing Cloud                 Conjuration/Ice/Air          6
   f - Simulacrum                     Ice/Necromancy               6
Comestibles
 b - 5 meat rations
 k - a royal jelly
 B - 7 chunks of flesh


   Skills:
 - Level 2.6 Dodging
 - Level 2.6 Stealth
 - Level 4.1 Spellcasting
 + Level 6.0 Conjurations
 + Level 4.1 Charms


You had 2 spell levels left.
You knew the following spells:

 Your Spells              Type           Power        Failure   Level  Hunger
a - Magic Dart            Conj           ####         1%          1    None
b - Iskenderun's Mystic   Conj           ####....     12%         4    ####...
c - Flame Tongue          Conj/Fire      ###..        4%          1    None
z - Iskenderun's Battles  Conj/Chrm      ###.....     50%         5    ######.


Dungeon Overview and Level Annotations

Branches:
Dungeon (6/15)
 Temple: D:4-7

Altars:
Dithmenos
Nemelex Xobeh
Trog
Vehumet

Shops:
D:4 *

Annotations:
D:5 karlm's ghost, novice DEWz
D:6 DeXoteric's ghost, novice TeAE


Innate Abilities, Weirdness & Mutations

You cannot wear armour.
You are incapable of wielding weapons or throwing items.
You have sharp claws.
You have razor-sharp teeth.
You have supernaturally acute eyesight.
You are carnivorous and can eat meat at any time.
You cover ground quickly.
You are covered in thick fur (AC +2).
You have a slow metabolism.
Your sharp claws are effective at attacking unaware monsters.


Message History

You take 6 damage, and have 9/24 hp.
MASSIVE DAMAGE!!
Karlm's ghost gestures at you while chanting.
The magic dart hits you!
* * * LOW HITPOINT WARNING * * *
You take 6 damage, and have 3/24 hp.
MASSIVE DAMAGE!!
Karlm's ghost gestures wildly while chanting.
There is a stone staircase leading down here.
Karlm's ghost gestures wildly while chanting.
You climb downwards.
There is a stone staircase leading up here.
You start resting.
Some of the chunks of flesh in your inventory have rotted away.
You regained 2 hp, and now have 6/24 hp.
You start resting.
DeXoteric's ghost (novice Tengu Air Elementalist) comes into view.
You are too injured to fight recklessly!
A stone staircase leading up.
DeXoteric's ghost turns its malevolent gaze towards you.
DeXoteric's ghost hits you!
You die...

#########
≈≈≈.....#
#≈....h#
#≈....W#
#≈...#.#
≈≈≈......
.#### ..#
##.# #.#
#.#


You could see DeXoteric's ghost.

Vanquished Creatures
  An ice beast (D:5)
  A scorpion (D:4)
  2 centaur zombies (Ossuary)
  A hound (D:4)
  2 iguanas (D:4)
  2 orc wizards (D:5)
  A worker ant (D:4)
  3 mummies (Ossuary)
  6 adders
  2 worms (D:4)
  4 giant geckos
  13 orcs
  4 ball pythons
  5 giant cockroaches
  6 goblins
  6 hobgoblins
  8 kobolds
  A quokka (D:4)
  9 bats
  5 giant newts (D:1)
  A goblin zombie (Ossuary)
  3 jackals (D:2)
  6 rats
92 creatures vanquished.

Notes
Turn   | Place    | Note
--------------------------------------------------------------
     0 | D:1      | DeXoteric the Felid Conjurer began the quest for the Orb.
     0 | D:1      | Reached XP level 1. HP: 7/7 MP: 4/4
   218 | D:1      | Reached XP level 2. HP: 11/11 MP: 3/6
   483 | D:1      | Reached skill level 4 in Conjurations
   892 | D:1      | Reached XP level 3. HP: 14/14 MP: 1/7
  1294 | D:2      | Found a shadowy altar of Dithmenos.
  1302 | D:2      | Found a radiant altar of Vehumet.
  1302 | D:2      | Found a bloodstained altar of Trog.
  1365 | D:2      | Found a sparkling altar of Nemelex Xobeh.
  1373 | D:2      | Became a worshipper of Vehumet
  1862 | D:3      | Reached XP level 4. HP: 15/18 MP: 3/9
  2632 | D:3      | Learned a level 4 spell: Iskenderun's Mystic Blast
  2888 | D:4      | Reached XP level 5. HP: 21/21 MP: 5/11
  2895 | D:4      | Learned a level 5 spell: Iskenderun's Battlesphere
  2953 | D:4      | Reached skill level 5 in Conjurations
  2999 | D:4      | Reached * piety under Vehumet
  2999 | D:4      | Offered knowledge of Flame Tongue by Vehumet.
  3002 | D:4      | Learned a level 1 spell: Flame Tongue
  3077 | D:4      | Found a sand-covered staircase.
  3086 | Ossuary  | Entered an ossuary
  3108 | Ossuary  | Reached skill level 1 in Charms
  3454 | Ossuary  | Slain by a centaur zombie
  3455 | Ossuary  | Reached XP level 4. HP: -1/18 MP: 2/10
  3458 | Ossuary  | Reached XP level 5. HP: 21/21 MP: 5/11
  4285 | D:4      | HP: 1/21 [poisoned by a scorpion]
  4729 | D:4      | Gained mutation: You are covered in thick fur (AC +2). [Felid growth]
  4729 | D:4      | Reached XP level 6. HP: 24/24 MP: 8/13
  4823 | D:4      | Found Veyveunaa's Assorted Antiques.
  4833 | D:4      | Bought 2 scrolls of identify for 108 gold pieces
  4861 | D:5      | Entered Level 5 of the Dungeon
  5629 | D:5      | Noticed karlm's ghost (novice DEWz)
  5774 | D:5      | Reached skill level 6 in Conjurations
  6036 | D:6      | Noticed DeXoteric's ghost (novice TeAE)
  6039 | D:6      | Slain by DeXoteric's ghost

Action                   |  1- 3 |  4- 6 || total
-------------------------+-------+-------++-------
Melee: Unarmed           |       |     1 ||     1
 Cast: Magic Dart        |    97 |   201 ||   298
       Iskenderun's Myst |       |     5 ||     5
       Flame Tongue      |       |     8 ||     8
  Use: Scroll            |       |     8 ||     8
       Potion            |       |     1 ||     1
  Eat: Chunk             |    10 |    13 ||    23
